 Dungeon Crawl Stone Soup version 0.30.1-9-gdf580d7c3d (webtiles) character file.

Game seed: 5689143931673348309

10587 Rizzler the Covert (level 11, -2/67 (75) HPs)
             Began as a Demonspawn Earth Elementalist on Oct 11, 2023.
             Was a Believer of Dithmenos.
             Slain by a spectral cane toad (12 damage)
             ... on level 2 of the Lair of Beasts on Oct 12, 2023.
             The game lasted 00:31:38 (11662 turns).

Rizzler the Covert (Demonspawn Earth Elementalist) Turns: 11662, Time: 00:31:39

HP:   -2/67 (75)    AC:  9    Str: 10    XL:     11   Next: 38%
MP:   2/23          EV: 13    Int: 20    God:    Dithmenos [**....]
Gold: 69            SH:  0    Dex: 17    Spells: 13/27 levels left

rFire   . . .        a - +5 rapier (speed)
rCold   . . .        (no shield)
rNeg    . . .        m - +1 robe of Oneibayw {Int+4 Stlth+}
rPois   .            B - +0 helmet
rElec   .            r - +2 cloak
rCorr   .            (no gloves)
SInv    .            (no boots)
Will    +....        i - amulet of regeneration
Stlth   +++++++      h - ring of willpower
HPRegen 1.11/turn    (no ring)
MPRegen 0.36/turn

%: no passive effects
@: about to teleport, wreathed by umbra, heavily drained
A: claws 2, molten scales 1, magic regeneration, demonic magic 3
a: Renounce Religion, Shadow Step


You were on level 2 of the Lair of Beasts.
You worshipped Dithmenos.
Dithmenos was pleased with you.
You visited 3 branches of the dungeon, and saw 12 of its levels.

You collected 604 gold pieces.
You spent 535 gold pieces at shops.

Inventory:

Hand Weapons
 a - a +5 rapier of speed (weapon)
Armour
 m - the +1 robe of Oneibayw (worn) {Int+4 Stlth+}
   (You found it on level 2 of the Lair of Beasts)

   Int:       It affects your intelligence (+4).
   Stlth:     It makes you more stealthy.
 r - a +2 cloak (worn)
 B - a +0 helmet (worn)
Jewellery
 h - a ring of willpower (left claw)
 i - an amulet of regeneration (around neck)
 w - the amulet of Qibeurin {RegenMP Will- Str+4 Int+2 Dex+3}
   (You found it on level 5 of the Dungeon)

   [amulet of magic regeneration]

   It increases your rate of magic regeneration.
   Str:       It affects your strength (+4).
   Int:       It affects your intelligence (+2).
   Dex:       It affects your dexterity (+3).
   Will:      It decreases your willpower.
Wands
 s - a wand of charming (10)
 F - a wand of digging (7)
Scrolls
 b - a scroll of torment {unknown}
 d - a scroll of fog
 e - 4 scrolls of magic mapping
 g - 5 scrolls of enchant armour
 l - a scroll of vulnerability {unknown}
 n - 2 scrolls of fear
 u - 5 scrolls of teleportation
 x - 3 scrolls of poison {unknown}
 y - 3 scrolls of noise
 A - a scroll of identify
 C - a scroll of summoning
 D - a scroll of immolation
 E - a scroll of enchant weapon
Potions
 c - 4 potions of heal wounds
 f - a potion of ambrosia
 j - 7 potions of mutation
 k - 2 potions of attraction
 o - 2 potions of lignification {unknown}
 p - 2 potions of might
 q - 11 potions of curing
 t - 2 potions of haste
 v - a potion of flight
 z - 3 potions of resistance


   Skills:
 + Level 3.6 Fighting
 + Level 4.6 Short Blades
 + Level 0.1 Throwing
 + Level 3.8 Dodging
 + Level 10.1 Stealth
 + Level 8.7 Spellcasting
 + Level 3.2 Conjurations
 + Level 0.8 Transmutations
 + Level 8.4 Earth Magic
 + Level 0.1 Evocations


You had 13 spell levels left.
You knew the following spells:

 Your Spells              Type           Power      Damage    Failure   Level
a - Sandblast             Erth           84%        2d18      1%          1
b - Passwall              Tmut/Erth      22%        N/A       1%          2
c - Stone Arrow           Conj/Erth      64%        3d11      2%          3
d - Petrify               Tmut/Erth      27%        N/A       12%         4
e - Fulminant Prism       Conj/Hex       7%         3d7       38%         4

Your spell library contained the following spells:

 Spells                   Type           Power      Damage    Failure   Level
 Magic Dart               Conj           84%        1d7       1%          1
 Searing Ray              Conj           42%        2d6       3%          2
 Static Discharge         Conj/Air       30%        2-4/arc   6%          2
 Slow                     Hex            32%        N/A       8%          1
 Confusing Touch          Hex            8%         N/A       24%         3
 Vampiric Draining        Necr           8%         2d6       24%         3
 Airstrike                Air            4%         2d(1-17)  61%         4
 Summon Lightning Spire   Summ/Air       8%         N/A       61%         4


Dungeon Overview and Level Annotations

Branches:
Dungeon (9/15)             Temple (1/1) D:6            Lair (2/5) D:9
  Swamp: Lair:2-3    Shoals: Lair:2-3     Snake: Lair:2-3    Spider: Lair:2-3
    Orc: D:9-12

Altars:
Ashenzari
Cheibriados
Dithmenos
Gozag
Hepliaklqana
Kikubaaqudgha
Makhleb
Nemelex Xobeh
Okawaru
Qazlal
Ru
Sif Muna
Trog
Uskayaw
Vehumet
Wu Jian
Xom
Yredelemnul

Shops:
D:1 !   D:7 *?

Annotations:
D:8 3 runed translucent doors


Innate Abilities, Weirdness & Mutations

You have very sharp fingernails.
You are partially covered in molten scales. (AC +2)
You regenerate magic rapidly.
Spells you cast and wands you use may paralyse nearby enemies.


Message History

The stone arrow hits the spectral cane toad!
The spectral cane toad is severely damaged.
Malevolent energies surge around you.
The spectral cane toad closely misses you.
The stone arrow hits the spectral cane toad!
You destroy the spectral cane toad!
Dithmenos accepts your kill. Malevolent energies surge around you.
The stone arrow hits the spectral komodo dragon.
The spectral komodo dragon is lightly damaged.
Malevolent energies surge around you.
The stone arrow hits the spectral komodo dragon.
The spectral komodo dragon is lightly damaged.
Malevolent energies surge around you.
The spectral komodo dragon barely misses you.
The stone arrow misses the spectral komodo dragon.
Malevolent energies surge around you. The spectral komodo dragon bites you!
The spectral cane toad barely misses you.
The stone arrow hits the spectral komodo dragon!
The spectral komodo dragon is heavily damaged.
Malevolent energies surge around you.
The spectral cane toad closely misses you.
The spectral cane toad hits you!
You feel drained. The spectral komodo dragon bites you.
The stone arrow hits the spectral komodo dragon!
The spectral komodo dragon is almost destroyed.
Malevolent energies surge around you. The spectral cane toad misses you.
The spectral cane toad hits you!
You feel drained. The spectral komodo dragon bites you!
* * * LOW HITPOINT WARNING * * *
As you read the scroll of teleportation, it crumbles to dust.
You feel strangely unstable.
The spectral cane toad closely misses you.
The spectral cane toad barely misses you.
The spectral komodo dragon bites you!
* * * LOW HITPOINT WARNING * * *
You feel drained.
* * * LOW HITPOINT WARNING * * *
The spectral cane toad hits you!
You die...

............#
#..#
##.##......##♣.
##.##
####.#.#...#♣♣.
♣♣ ### #...#
...........# ..
.~ ##.####..#
...........#
♣.♣♣♣♣.♣
#..<....##
..P#.####.##
......♣
##.######
..##.# ##..#
♣..~.♣ ###
.##### #...##
♣ZZZ~♣ .#
##.#.♣♣♣÷@.~♣
##
##....♣♣....♣
##
#...........#
.####
#..#####..###
....# ##..##
#### .#..#
##.#.#
#...####P.###
##.#..###..#
#..##..#..##


You could see a spectral komodo dragon and 2 spectral cane toads.

Vanquished Creatures
  Erica (Lair:1)
  A catoblepas (Lair:1)
  2 cane toads
  3 komodo dragons
  A troll (D:8)
  Sigmund (D:3)
  A shadow (D:9)
  10 yaks (Lair:1)
  Grum (Lair:1)
  A basilisk (Lair:1)
  2 steam dragons (D:8)
  A spectral cane toad (Lair:2)
  8 water moccasins
  2 black bears
  2 sky beasts
  An ice beast (D:4)
  2 orc warriors
  3 ogres
  2 centaurs (D:9)
  16 wolves
  2 phantoms
  A kobold brigand (D:7)
  2 gnoll sergeants (D:8)
  3 bullfrogs
  3 scorpions (D:5)
  3 wights (D:8)
  4 howler monkeys (D:9)
  4 hounds
  9 orc priests
  2 gnoll boudas
  A jelly (D:8)
  5 iguanas
  A sleepcap (D:5)
  9 orc wizards
  11 adders
  19 gnolls
  3 white imps
  2 ufetubi (D:5)
  3 worms
  The ghost of deremet the Covert, a weakling GnDe (D:3)
  6 dart slugs
  33 orcs
  5 bats
  6 endoplasms
  8 goblins
  9 hobgoblins
  4 jackals (D:4)
  16 kobolds
  6 quokkas
  4 ball pythons
  9 frilled lizards
  4 rats
259 creatures vanquished.

Notes
Turn   | Place    | Note
-------+----------+-------------------------------------------
     0 | D:1      | Rizzler the Demonspawn Earth Elementalist began the quest
                  | for the Orb.
     0 | D:1      | Reached XP level 1. HP: 13/13 MP: 3/3
   228 | D:1      | Reached skill level 2 in Stealth
   228 | D:1      | Gained mutation: Spells you cast may paralyse adjacent
                  | enemies. [demonic ancestry]
   228 | D:1      | Reached XP level 2. HP: 13/19 MP: 0/5
   742 | D:1      | Found Hiferoff's Distillery.
   966 | D:1      | Learned a level 2 spell: Passwall
  1095 | D:1      | Gained mutation: You regenerate magic rapidly. [demonic
                  | ancestry]
  1095 | D:1      | Reached XP level 3. HP: 24/24 MP: 4/7
  1305 | D:3      | Noticed Sigmund
  1409 | D:2      | Learned a level 3 spell: Stone Arrow
  1471 | D:2      | Reached XP level 4. HP: 30/30 MP: 4/8
  2024 | D:3      | Found a shimmering blue altar of Sif Muna.
  2151 | D:3      | Found a runed translucent door.
  2153 | D:3      | Noticed deremet's ghost (weakling GnDe)
  2158 | D:3      | Noticed a phantom
  2209 | D:3      | Killed Sigmund
  2210 | D:3      | Reached skill level 1 in Short Blades
  2210 | D:3      | Reached skill level 3 in Stealth
  2210 | D:3      | Gained mutation: You have sharp fingernails. [demonic
                  | ancestry]
  2210 | D:3      | Reached XP level 5. HP: 36/36 MP: 8/10
  2210 | D:3      | Reached XP level 6. HP: 42/42 MP: 8/11
  2597 | D:1      | Bought a potion of heal wounds for 50 gold pieces
  2597 | D:1      | Bought a potion of might for 40 gold pieces
  2711 | D:4      | Found a sparkling altar of Nemelex Xobeh.
  2725 | D:4      | Found a burning altar of Makhleb.
  3112 | D:4      | Noticed an ice beast
  3119 | D:4      | Killed an ice beast
  3192 | D:4      | Reached XP level 7. HP: 47/47 MP: 11/13
  3210 | D:4      | Found a hazy altar of Hepliaklqana.
  3314 | D:4      | Reached skill level 1 in Fighting
  3634 | D:4      | Learned a level 4 spell: Petrify
  3645 | D:5      | Entered Level 5 of the Dungeon
  3764 | D:5      | Identified the amulet of Qibeurin {RegenMP Will- Str+4
                  | Int+2 Dex+3}
  3856 | D:5      | Reached skill level 4 in Stealth
  3856 | D:5      | Reached skill level 5 in Earth Magic
  3993 | D:5      | Reached skill level 5 in Spellcasting
  4141 | D:5      | Gained mutation: Spells you cast may paralyse nearby
                  | enemies. [demonic ancestry]
  4141 | D:5      | Reached XP level 8. HP: 56/56 MP: 10/15
  4268 | D:5      | Reached skill level 5 in Stealth
  4467 | D:5      | Found an iron altar of Okawaru.
  4615 | D:5      | Found a radiant altar of Vehumet.
  5113 | D:6      | Reached skill level 6 in Stealth
  5120 | D:6      | Gained mutation: You have very sharp fingernails. [demonic
                  | ancestry]
  5120 | D:6      | Reached XP level 9. HP: 36/61 MP: 14/18
  5222 | D:6      | Found a staircase to the Ecumenical Temple.
  5353 | Temple   | Entered the Ecumenical Temple
  5420 | Temple   | Became a worshipper of Dithmenos the Shadowed
  5896 | D:6      | Found a sacrificial altar of Ru.
  6346 | D:7      | Found Niliokei's Magic Scroll Emporium.
  6351 | D:7      | Bought a scroll of identify for 30 gold pieces
  6351 | D:7      | Bought a scroll of teleportation for 45 gold pieces
  6634 | D:1      | Bought a potion of mutation for 80 gold pieces
  6634 | D:1      | Bought a potion of heal wounds for 50 gold pieces
  6634 | D:1      | Bought a potion of might for 40 gold pieces
  7198 | D:7      | Found Aqepnu's Lightly-Used Armoury.
  7477 | D:8      | Found a snail-covered altar of Cheibriados.
  7561 | D:8      | Reached skill level 7 in Stealth
  7563 | D:8      | Reached * piety under Dithmenos
  7679 | D:8      | Found a runed translucent door.
  7684 | D:8      | Noticed a cyan ugly thing
  7684 | D:8      | Noticed an eight-headed hydra
  7685 | D:8      | Noticed a centaur warrior
  7686 | D:8      | Found a runed translucent door.
  7687 | D:8      | Found a runed translucent door.
  7691 | D:8      | Noticed a troll
  7700 | D:8      | Killed a troll
  8477 | D:9      | Gained mutation: You are partially covered in molten
                  | scales. (AC +2) [demonic ancestry]
  8477 | D:9      | Reached XP level 10. HP: 68/70 MP: 13/21
  8505 | D:9      | Found a staircase to the Lair.
  8584 | D:9      | Reached skill level 1 in Conjurations
  8645 | D:9      | Reached ** piety under Dithmenos
  9235 | D:1      | Bought a potion of resistance for 100 gold pieces
  9235 | D:1      | Bought a potion of haste for 100 gold pieces
  9336 | D:3      | Killed deremet's ghost
  9743 | Lair:1   | Entered Level 1 of the Lair of Beasts
  9785 | Lair:1   | Reached skill level 8 in Stealth
 10051 | Lair:1   | Noticed Grum
 10058 | Lair:1   | Killed Grum
 10064 | Lair:1   | Reached skill level 9 in Stealth
 10078 | Lair:1   | Noticed a catoblepas
 10174 | Lair:1   | Killed a catoblepas
 10427 | Lair:1   | Noticed Erica
 10435 | Lair:1   | Killed Erica
 10436 | Lair:1   | Gained mutation: Spells you cast and wands you use may
                  | paralyse nearby enemies. [demonic ancestry]
 10436 | Lair:1   | Reached XP level 11. HP: 75/75 MP: 17/23
 10935 | Lair:1   | Learned a level 4 spell: Fulminant Prism
 11033 | Lair:2   | Identified the +1 robe of Oneibayw {Int+4 Stlth+}
 11387 | Lair:2   | Reached skill level 10 in Stealth
 11662 | Lair:2   | Slain by a spectral cane toad

Illustrated notes

Levels and vault maps discovered:
D:1:      shiori_shiawase, layout_loops_ring, serial_shops,
          nicolae_lakefront_shop
D:2:      layout_rooms
D:3:      layout_basic, kennysheep_orc_sif_temple, ebering_ghost_inner_flame,
          uniq_sigmund
D:4:      layout_loops_corners, kennysheep_mini, makhleb_heckhound_becter,
          mainiacjoe_overflow_boulevard
D:5:      layout_loops_ring, lemuel_coloured_pillars_altar,
          okawaru_altar_gauntlet_db, grunt_ministairs_3, chequers_big_river,
          minmay_hedge_maze, minmay_fractal_squares_gapless_5
D:6:      layout_loops_ring, nicolae_ru_path_of_blood, lemuel_temple_firewalk_b
D:7:      layout_loops_corners, serial_shops, nicolae_shop_just_a_little_nook,
          minmay_shop_damaged
D:8:      minmay_the_grid_triangle_9x9_rhombus_full
          [minmay_the_grid_triangle_9x9_zippers_horizontal,
          minmay_the_grid_triangle_9x9_steps,
          minmay_the_grid_triangle_9x9_fully_insulated_deathbox,
          minmay_the_grid_triangle_9x9_alien,
          minmay_the_grid_triangle_9x9_limited_checkers,
          minmay_the_grid_triangle_9x9_empty,
          minmay_the_grid_triangle_9x9_subtriangle,
          minmay_the_grid_triangle_9x9_prize_special], layout_loops_ring,
          general_overflow_altar
D:9:      layout_roguey, good_gods_temple_1, lair_entry_dummy,
          david_defended_altar_orc
Temple:   nicolae_temple_bog_church
Lair:1:   layout_cave_pods, serial_forest, infiniplex_forest_lined_ring,
          infiniplex_forest_lined_2, infiniplex_forest_lined_1,
          infiniplex_forest_lined_room_2, infiniplex_forest_lined_room_2,
          infiniplex_forest_end_double, serial_bayou_shore_b, uniq_grum,
          uniq_erica
Lair:2:   layout_loops_ring, nicolae_swamp_entry_spooky

Skill      XL: |  1  2  3  4  5  6  7  8  9 10 11 |
---------------+----------------------------------+-----
Stealth        | 2 3 4 6 7 9 10 | 10.1
Earth Magic    | 3 4 5 6 7 8 |  8.4
Dodging        | 2 3 |  3.8
Spellcasting   | 3 4 5 6 7 8 |  8.7
Short Blades   | 1 2 3 4 |  4.6
Fighting       | 1 2 3 |  3.6
Conjurations   | 2 3 |  3.2
Throwing       | |  0.1
Transmutations | |  0.8
Evocations     | |  0.1

Action                     |  1- 3 |  4- 6 |  7- 9 | 10-12 || total
---------------------------+-------+-------+-------+-------++-------
  Melee: Unarmed           |     8 |       |       |       ||     8
         Rapier            |     7 |    41 |   111 |    71 ||   230
         Punch             |       |     1 |     2 |       ||     3
  Throw: Throwing net      |       |       |       |     1 ||     1
   Cast: Sandblast         |    71 |    54 |   130 |    15 ||   270
         Stone Arrow       |       |       |    26 |    72 ||    98
  Evoke: Wand              |       |       |       |     1 ||     1
    Use: Potion            |     1 |       |       |     4 ||     5
         Scroll            |     2 |     1 |    13 |     6 ||    22
   Stab: Paralysed         |     5 |    13 |    46 |    38 ||   102
         Sleeping          |     3 |     4 |    15 |    10 ||    32
         Petrified         |       |       |       |     1 ||     1
 Armour: Robe              |    11 |    14 |    24 |     1 ||    50
         Steam dragon scal |       |       |    12 |    22 ||    34
  Dodge: Dodged            |    34 |    21 |   101 |    61 ||   217
